 Dungeon Crawl Stone Soup version 0.30-a0-373-gd37427bb62 (webtiles) character file.

Game seed: 4992588804342330897

1847 Kingsmith the Cleaver (level 8, 0/73 HPs)
             Began as a Minotaur Fighter on Nov 23, 2022.
             Succumbed to a hornet's poison
             ... on level 7 of the Dungeon.
             The game lasted 00:11:06 (5550 turns).

Kingsmith the Cleaver (Minotaur Fighter)            Turns: 5550, Time: 00:11:07

Health: 0/73       AC: 20    Str: 24 (27) XL:     8   Next: 88%
Magic:  7/7        EV:  6    Int:  5      God:
Gold:   335        SH:  5    Dex:  9 (10) Spells: 7/7 levels left

rFire   . . .      SeeInvis .    s - +6 short sword of Generosity {venom, Str+4}
rCold   . . .      Faith    .    c - +0 buckler
rNeg    . . .      Spirit   .    h - +0 plate armour
rPois   .          Reflect  .    (helmet restricted)
rElec   .          Harm     .    q - +1 cloak {rCorr}
rCorr   +          Rampage  .    k - +2 pair of gloves
Will    .....                    z - +0 pair of boots
Stlth   ..........               (no amulet)
HPRegen 0.32/turn                (no ring)
MPRegen 0.10/turn                (no ring)

@: mighty, lethally poisoned (0 -> -6), flying, slowed, very slow
A: horns 2, retaliatory headbutt, devolution 1
a: no special abilities


You were on level 7 of the Dungeon.
You visited 2 branches of the dungeon, and saw 8 of its levels.

You collected 335 gold pieces.

Inventory:

Hand Weapons
 a - a +0 war axe
 s - the +6 short sword of Generosity (weapon) {venom, Str+4}
   (You found it on level 2 of the Dungeon)

   It poisons the flesh of those it strikes.
   Str:       It affects your strength (+4).
 t - a +0 antimagic hand axe
Missiles
 e - 85 stones (quivered)
 y - 13 boomerangs
Armour
 c - a +0 buckler (worn)
 h - a +0 plate armour (worn)
 k - a +2 pair of gloves (worn)
 q - a +1 cloak of preservation (worn)
 z - a +0 pair of boots (worn)
Jewellery
 r - a ring of willpower
 A - a ring of wizardry
 K - a +6 ring of dexterity
Wands
 o - a wand of roots (13)
 F - a wand of flame (24)
 J - a wand of polymorph (10)
Scrolls
 b - a scroll of magic mapping {unknown}
 i - 2 scrolls of amnesia {unknown}
 m - 2 scrolls of identify {unknown}
 n - a scroll of fear {unknown}
 u - a scroll of blinking
 w - 2 scrolls of butterflies {unknown}
 x - 2 scrolls of poison {unknown}
 D - 3 scrolls of enchant weapon {unknown}
 G - a scroll of enchant armour {unknown}
 H - a scroll of immolation {unknown}
 L - a scroll of teleportation {unknown}
 M - a scroll of summoning {unknown}
Potions
 f - a potion of haste {unknown}
 g - a potion of mutation
 j - a potion of attraction {unknown}
 l - 4 potions of degeneration
 p - a potion of flight
 v - a potion of invisibility {unknown}
 B - a potion of lignification {unknown}
 C - a potion of curing {unknown}
 E - a potion of brilliance {unknown}


   Skills:
 + Level 7.1 Fighting
 * Level 9.1 Axes
 + Level 7.2 Armour
 + Level 7.1 Shields


You had 7 spell levels left.
You didn't know any spells.
Your spell library contained the following spells:

 Spells                   Type           Power      Damage    Failure   Level
 Apportation              Tloc           0%         N/A       100%        1
 Necrotise                Necr           0%         1d4       100%        1
 Summon Small Mammal      Summ           0%         N/A       100%        1
 Sublimation of Blood     Necr           0%         N/A       100%        2
 Wereblood                Tmut           0%         N/A       100%        2
 Vampiric Draining        Necr           0%         2d6       100%        3
 Agony                    Necr           0%         N/A       100%        5
 Summon Hydra             Summ           0%         N/A       100%        7


Dungeon Overview and Level Annotations

Branches:
Dungeon (7/15)             Temple (1/1) D:6

Altars:
Ashenzari
Cheibriados
Dithmenos
Fedhas
Hepliaklqana
Kikubaaqudgha
Nemelex Xobeh
Qazlal
Sif Muna
Uskayaw
Wu Jian
Yredelemnul
The Shining One


Innate Abilities, Weirdness & Mutations

You have a pair of horns on your head.
You reflexively headbutt those who attack you in melee.
You have hidden genetic defects.


Message History

The hornet stings you but does no damage. x2
You block the hornet's attack.
Okay, then.
You feel very mighty all of a sudden.
You feel very sick. The hornet stings you.
You are more poisoned.
You feel as though you will be slow longer.
The hornet stings you.
* * * LOW HITPOINT WARNING * * *
You feel as though you will be slow longer.
It was a potion of degeneration.
There was something very wrong with that liquid.
You feel weakened.
You feel dopey.
You feel clumsy.
* * * LOW HITPOINT WARNING * * *
You feel very sick. The hornet barely misses you. You furiously retaliate!
You headbutt the hornet! You block the hornet's attack.
It was a potion of flight.
You feel very buoyant.
You fly up into the air.
* * * LOW HITPOINT WARNING * * *
You feel very sick.
You kill the hornet!
The water moccasin bites you.
* * * LOW HITPOINT WARNING * * *
The water moccasin bites you but does no damage.
You feel your intelligence returning.
Your Fighting skill increases to level 7!
Your Axes skill increases to level 9!
Your Shields skill increases to level 7!
It was a potion of magic.
Magic courses through your body.
* * * LOW HITPOINT WARNING * * *
You feel very sick.
The water moccasin bites you but does no damage.
The water moccasin bites you.
* * * LOW HITPOINT WARNING * * *
It was a potion of mutation.
You feel extremely strange.
You feel a hidden malignance growing inside you.
You die...

#≈≈#.#.######.## #≈
#≈≈#....>......##≈≈
#≈≈#.###.####.##≈≈≈
##≈#...#.# #..#≈≈≈ # #.....#
##.#≈≈≈ . #.....# ###≈≈≈
#...#######.....# #≈≈≈
#.....oS.#.....# ≈
##..####@#.....#
##............# #
######.##'##.##########
######....##........... ##
#.......####.########## .#
#<......+.............. .#
######.......####.##########
.# #............# #.#
######. .# #+####.......#
#.# ##...#.⌠


You could see a water moccasin and an orc.

Vanquished Creatures
  A hornet (D:7)
  A steam dragon (D:6)
  A water moccasin (D:5)
  A sky beast (D:6)
  A phantom (D:6)
  4 bullfrogs
  2 scorpions
  3 vampire bats (D:7)
  3 howler monkeys (D:7)
  2 hounds (D:6)
  3 orc priests
  Crazy Yiuf (D:2)
  A gnoll bouda (D:5)
  9 orc wizards
  An iguana (D:4)
  5 adders
  5 gnolls (D:5)
  A shadow imp (D:7)
  An ufetubus (D:6)
  8 worms
  23 orcs
  A bat skeleton (D:7)
  3 bat zombies (D:7)
  6 endoplasms
  A giant cockroach (D:2)
  9 goblins
  3 hobgoblins (D:2)
  9 kobolds
  3 quokkas
  4 ball pythons
  6 bats
  2 frilled lizards
  8 rats
132 creatures vanquished.

Notes
Turn   | Place    | Note
-------+----------+-------------------------------------------
     0 | D:1      | Kingsmith the Minotaur Fighter began the quest for the Orb.
     0 | D:1      | Reached XP level 1. HP: 19/19 MP: 0/0
   115 | D:1      | Reached XP level 2. HP: 27/27 MP: 1/1
   159 | D:1      | Reached skill level 3 in Axes
   215 | D:1      | Found a faded altar of an unknown god.
   590 | D:1      | Reached XP level 3. HP: 29/33 MP: 2/2
  1263 | D:2      | Found a runed translucent door.
  1264 | D:2      | Noticed Crazy Yiuf
  1372 | D:2      | HP: 1/33 [Crazy Yiuf/+3 quarterstaff of chaos (11)]
  1376 | D:2      | Killed Crazy Yiuf
  1377 | D:2      | Reached skill level 4 in Axes
  1377 | D:2      | Reached XP level 4. HP: 2/40 MP: 3/3
  1588 | D:2      | Identified the +6 short sword of Generosity {venom, Str+4}
  2227 | D:3      | You fall into a shaft and drop 2 floors!
  2227 | D:5      | Entered Level 5 of the Dungeon
  2247 | D:5      | Noticed a scorpion
  2252 | D:5      | Killed a scorpion
  2253 | D:5      | Reached XP level 5. HP: 47/47 MP: 4/4
  2358 | D:5      | Reached skill level 5 in Axes
  2527 | D:5      | Noticed a water moccasin
  2537 | D:5      | Killed a water moccasin
  2538 | D:5      | Reached skill level 5 in Fighting
  2538 | D:5      | Reached skill level 5 in Armour
  2538 | D:5      | Reached skill level 5 in Shields
  2538 | D:5      | Reached XP level 6. HP: 51/56 MP: 5/5
  2661 | D:4      | Found a hazy altar of Hepliaklqana.
  2987 | D:4      | Reached skill level 6 in Axes
  4120 | D:5      | Reached XP level 7. HP: 61/61 MP: 6/6
  4431 | D:6      | Found a blossoming altar of Fedhas.
  4469 | D:6      | Noticed a steam dragon
  4474 | D:6      | Killed a steam dragon
  4513 | D:6      | Reached skill level 7 in Axes
  4556 | D:6      | Reached XP level 8. HP: 67/70 MP: 7/7
  4661 | D:6      | Found a staircase to the Ecumenical Temple.
  4674 | Temple   | Entered the Ecumenical Temple
  4919 | D:7      | Reached skill level 8 in Axes
  5035 | D:7      | Found an ornate altar of the Wu Jian Council.
  5281 | D:7      | Found a shimmering blue altar of Sif Muna.
  5452 | D:7      | Found an ancient bone altar of Kikubaaqudgha.
  5534 | D:7      | Noticed a hornet
  5538 | D:7      | Paralysed by a hornet for 3 turns
  5548 | D:7      | Killed a hornet
  5549 | D:7      | Reached skill level 9 in Axes
  5549 | D:7      | HP: 3/73 [water moccasin (3)]
  5550 | D:7      | Gained mutation: You have hidden genetic defects. [potion
                  | of mutation]
  5550 | D:7      | Succumbed to a hornet's poison

Illustrated notes

Levels and vault maps discovered:
D:1:      dpeg_arrival_line_fractal, layout_loops_ring,
          dreamdust_ecumenical_altar_angels_and_demons
D:2:      layout_basic, uniq_crazy_yiuf_cottage
D:3:      layout_loops_cross, grunt_decor_junction
D:4:      layout_cave_pods, mainiacjoe_overflow_alcove_2, nicolae_wormholes
D:5:      layout_basic
D:6:      layout_rooms, mainiacjoe_overflow_six_doors_small,
          minmay_temple_entry_butterflies
D:7:      layout_basic, nzn_wu_jian_contemplation,
          mainiacjoe_overflow_tiny_flanked, kennysheep_little_box,
          kennysheep_vampire_church, kennysheep_mini, gammafunk_ghost_smash,
          serial_aquarium, aquarium_bridge_square [aquarium_subvault_window,
          aquarium_subvault_bridge, aquarium_subvault_wall,
          aquarium_subvault_bridge], aquarium_window_corner,
          aquarium_window_fake, aquarium_window_2, aquarium_window_2,
          aquarium_view_2f, aquarium_pool_five, kennysheep_donut,
          minmay_crossroads
Temple:   hellmonk_temple_rainy

Skill      XL: |  1  2  3  4  5  6  7  8 |
---------------+-------------------------+-----
Axes           | 3 4 5 6 7 9 |  9.1
Armour         | 4 5 6 7 |  7.2
Shields        | 4 5 6 7 |  7.1
Fighting       | 4 5 6 7 |  7.1

Action                   |  1- 3 |  4- 6 |  7- 9 || total
-------------------------+-------+-------+-------++-------
Melee: War axe           |    33 |       |       ||    33
       Headbutt          |    10 |    16 |    28 ||    54
       Dagger            |    52 |     5 |       ||    57
       Short sword       |       |   102 |   119 ||   221
       Hand axe          |       |    12 |       ||    12
  Use: Potion            |       |       |     5 ||     5
       Scroll            |       |       |     1 ||     1
Armor: Scale mail        |    17 |       |       ||    17
       Plate armour      |    28 |    82 |    95 ||   205
Dodge: Dodged            |    27 |    31 |    43 ||   101
Block: Buckler           |    23 |    29 |    30 ||    82

Table legend: (Time is in decaauts)
 A = Elapsed time spent in this place.
 B = Non-inter-level travel time spent in this place.
 C = Inter-level travel time spent in this place.
 D = Time resting spent in this place.
 E = Time spent auto-exploring this place.
 F = Levels seen in this place.
 G = Mean time per level.
                   A        B        C        D        E       F      G
               +--------+--------+--------+--------+--------+-----+--------+
         Total |   5576 |   5305 |    271 |    400 |   3925 |   8 |  697.0 |
       Dungeon |   5543 |   5272 |    271 |    400 |   3925 |   7 |  791.9 |
        Temple |     32 |     32 |      0 |      0 |      0 |   1 |   32.0 |
               +--------+--------+--------+--------+--------+-----+--------+

Top non-repeatable levels by time:
     D:1: 985 daAuts
     D:5: 975 daAuts
     D:2: 880 daAuts
     D:4: 858 daAuts
     D:7: 715 daAuts
     D:3: 705 daAuts
     D:6: 421 daAuts
  Temple: 32 daAuts
